Map: Catalyst LE

Players

Cyan

  • Race: Protoss Protoss
  • Spawn Location: 5:00

uThermal - Winner!

  • Race: Terran Terran
  • Spawn Location: 11:00

Event: WCS Leipzig 2018

VOD

Have the link to the VOD?

Description

Time

  • Played on: Jan. 26, 2018, 12:44 p.m.
  • Length: 9:26

All games in this series

Show
View Real Time Build Order
Export as new Build Order

Cyan Protoss 

Build Orders: Chargelot Immortal 

Get SALT Encoding   

  12  0:00  Probe  
  13  0:12  Probe  
  14  0:17  Pylon  
  14  0:25  Probe (Chrono Boost)  
  15  0:37  Probe (Chrono Boost)  
  15  0:38  Gateway  
  16  0:45  Probe (Chrono Boost)  
  17  0:52  Probe, Pylon  
  18  0:59  Assimilator  
  18  1:04  Probe  
  19  1:12  Gateway  
  19  1:16  Probe  
  20  1:25  Cybernetics Core  
  22  1:32  Zealot  
  22  1:36  Probe  
  23  1:41  Assimilator  
  23  1:48  Probe  
  24  1:59  Stalker (Chrono Boost)  
  24  2:06  Probe  
  29  2:10  Pylon  
  29  2:11  Stalker (Chrono Boost)  
  29  2:12  Warp Gate (Chrono Boost)  
  29  2:20  Stalker (Chrono Boost)  
  29  2:26  Probe  
  31  2:41  Probe  
  34  2:58  Nexus  
  32  3:09  Robotics Facility  
  32  3:13  Probe  
  33  3:25  Probe  
  34  3:28  Pylon  
  32  3:37  Probe  
  31  3:46  Shield Battery  
  31  3:54  Gateway  
  30  3:56  Immortal (Chrono Boost)  
  30  4:00  Probe  
  34  4:07  Sentry  
  36  4:10  Probe  
  36  4:13  Probe  
  38  4:22  Probe  
  39  4:25  Probe, Immortal (Chrono Boost)  
  44  4:33  Sentry  
  44  4:35  Probe  
  44  4:37  Probe  
  44  4:57  Warp Prism (Chrono Boost)  
  44  4:58  Stalker  
  46  5:01  Probe  
  46  5:03  Stalker  
  46  5:04  Probe  
  50  5:13  Probe  
  51  5:14  Twilight Council  
  51  5:16  Probe  
  52  5:22  Pylon  
  52  5:25  Probe, Pylon  
  53  5:28  Probe  
  53  5:37  Probe  
  53  5:40  Stalker x2  
  56  5:43  Charge  
  56  5:46  Probe  
  56  5:49  Observer (Chrono Boost)  
  58  5:54  Probe  
  59  6:02  Probe  
  60  6:05  Nexus  
  60  6:06  Probe  
  61  6:14  Probe  
  61  6:15  Pylon  
  61  6:18  Observer  
  63  6:20  Gateway  
  63  6:22  Gateway  
  63  6:23  Gateway  
  63  6:29  Gateway  
  63  6:33  Gateway  
  63  6:39  Observer (Chrono Boost)  
  64  6:40  Probe, Gateway  
  65  6:48  Probe  
  65  6:50  Pylon  
  66  6:57  Immortal (Chrono Boost)  
  66  7:00  Forge  
  70  7:05  Sentry x2  
  70  7:07  Probe x2  
  70  7:08  Pylon  
  76  7:19  Probe x2  
  76  7:22  Shield Battery  
  78  7:23  Shield Battery  
  78  7:27  Immortal (Chrono Boost)  
  82  7:32  Zealot x2  
  86  7:37  Protoss Ground Armor Level 1 (Chrono Boost)  
  86  7:41  Probe  
  86  7:42  Assimilator  
  86  7:43  Probe  
  86  7:44  Probe  
  89  7:46  Assimilator  
  89  7:50  Zealot x2  
  92  7:58  Immortal (Chrono Boost)  
  96  8:01  Zealot x2  
  96  8:04  Probe  
  101  8:08  Zealot x2  
  105  8:20  Zealot x2  
  105  8:24  Pylon  
  105  8:27  Pylon  
  81  8:35  Zealot x5  
  85  8:41  Zealot  
  85  8:42  Zealot  
  85  8:46  Zealot  
  81  8:56  Zealot x4  
  81  8:58  Zealot  
  87  9:03  Zealot x2  
  85  9:13  Zealot x3  
  73  9:19  Zealot  
  73  9:24  Zealot  
Show
View Real Time Build Order
Export as new Build Order

uThermal Terran - Winner!

Build Orders: Cyclone Opening, Gas First Reaper Expand, Reaper Expand, MMM Bio 

Get SALT Encoding   

  12  0:01  SCV  
  13  0:13  SCV  
  14  0:17  Supply Depot  
  14  0:25  SCV  
  14  0:28  Refinery  
  15  0:38  SCV  
  16  0:44  Barracks  
  16  0:50  SCV  
  17  1:03  SCV  
  18  1:15  SCV  
  19  1:31  Orbital Command, Reaper  
  20  1:44  Command Center  
  20  1:57  SCV  
  20  1:58  Factory  
  21  2:04  Refinery  
  21  2:07  Barracks Tech Lab  
  21  2:15  Bunker  
  22  2:20  Supply Depot  
  21  2:27  Concussive Shells  
  23  2:30  Marauder  
  23  2:36  SCV  
  23  2:45  Command Center  
  23  2:50  Cyclone  
  26  2:57  SCV  
  27  3:01  Marauder  
  29  3:09  Supply Depot  
  29  3:13  SCV  
  30  3:25  SCV  
  31  3:40  Cyclone, Marauder  
  36  3:44  SCV  
  37  3:48  Stimpack  
  37  3:56  SCV  
  38  4:03  Marine  
  38  4:06  Barracks  
  38  4:08  Starport, Barracks  
  39  4:16  Factory Tech Lab  
  39  4:20  Marine  
  39  4:23  Orbital Command  
  40  4:28  SCV  
  41  4:40  SCV  
  39  4:52  SCV x2  
  36  4:58  Starport Reactor, Barracks Reactor x2  
  36  4:59  Siege Tank  
  37  5:01  Bunker  
  37  5:03  Marine  
  37  5:04  SCV  
  37  5:06  SCV  
  40  5:09  Engineering Bay  
  39  5:16  SCV  
  39  5:18  SCV  
  39  5:21  Marine  
  42  5:27  Supply Depot  
  42  5:28  SCV  
  42  5:30  SCV  
  42  5:31  Siege Tank  
  46  5:36  Marine x3  
  46  5:37  Refinery, Marine  
  46  5:38  Marine  
  46  5:40  SCV  
  52  5:44  Terran Infantry Weapons Level 1  
  52  5:49  Supply Depot  
  49  5:50  SCV  
  49  5:53  SCV  
  49  5:54  Combat Shields, Marine  
  49  5:55  Marine  
  53  5:59  Marine  
  53  6:03  SCV, Marine x2  
  57  6:05  SCV  
  58  6:11  Supply Depot  
  58  6:14  Marine  
  58  6:15  SCV  
  58  6:16  Medivac  
  58  6:17  Medivac  
  64  6:19  Marine  
  64  6:25  Supply Depot, Missile Turret  
  65  6:27  SCV  
  65  6:29  SCV  
  65  6:32  Marine x2  
  69  6:37  Siege Tank  
  71  6:41  Marine  
  71  6:42  Supply Depot  
  68  6:47  Medivac, Marine  
  68  6:50  SCV  
  68  6:51  SCV  
  68  6:53  Marine  
  68  6:54  Refinery, Marine  
  75  7:03  Barracks  
  75  7:05  Marine  
  75  7:06  Barracks  
  75  7:07  Marine  
  77  7:13  Siege Tank  
  80  7:17  Marine  
  80  7:20  Marine x2  
  83  7:24  Marine  
  83  7:25  Marine  
  83  7:28  Supply Depot  
  85  7:35  Marine  
  86  7:38  Supply Depot  
  86  7:42  Supply Depot  
  86  7:47  Supply Depot  
  86  7:48  Supply Depot  
  86  7:49  Medivac, Marine x3  
  86  7:50  Siege Tank  
  94  7:57  Supply Depot  
  94  8:00  Marine x4  
  94  8:03  Supply Depot  
  98  8:06  Medivac  
  98  8:07  Marine x3  
  102  8:18  Marine x2  
  104  8:20  Liberator x2  
  104  8:22  Marine x2  
  104  8:23  Siege Tank  
  104  8:25  Marine  
  111  8:34  Marine  
  100  8:35  Marine x3  
  100  8:40  Marine  
  107  8:44  Marine  
  107  8:45  Marine  
  109  8:51  Marine  
  109  8:55  Marine x2  
  110  8:56  Marine  
  110  8:58  Marine  
  110  9:02  Marine  
  117  9:03  Marine  
  118  9:12  Supply Depot  
Tags
 
Add a new tag
Caveats
  • Supply blocks, unpowered buildings, or Contaminate may cause inaccurate times.
  • Supply counts are checked every 10 seconds.